Sasquatch vs Punishers (R1)

Created - 13 septembre 2014 at 19:17

Simulating a Pre-Season

Goals
1 2 3 T
Sasquatch 1 1 1 3
Punishers 0 2 4 6
Shots
1 2 3 T
Sasquatch 23 11 8 42
Punishers 3 10 17 30

1st period

1. Sasquatch , D.J King 2 (Derek Stepan) at 18:15

Penalties :
Éric Perrin (Pro) for Slashing (Minor) at 18:43

2nd period

2. Punishers , Mike Grier 3 (Casey Cizikas) at 16:10
3. Sasquatch , D.J King 3 (Jake Gardiner, Jakub Voracek) at 16:34 (PP)
4. Punishers , Richard Zednik 6 (Éric Perrin, Tom Gilbert) at 19:30

Penalties :
Kyle Clifford (Gat) for Tripping (Minor) at 6:20, Keith Yandle (Gat) for High sticking (Minor) at 12:45, Richard Zednik (Pro) for Slashing (Minor) at 16:21, Tom Gilbert (Pro) for Hooking (Minor) at 17:23

3rd period

5. Punishers , Éric Perrin 2 (Tanner Glass, Justin Falk) at 0:11
6. Punishers , Éric Perrin 3 (Justin Falk, Tanner Glass) at 5:10 (PP)
7. Punishers , Tanner Glass 4 (Richard Zednik) at 7:51
8. Punishers , Tanner Glass 5 (Éric Perrin, Richard Zednik) at 10:35 (PP)
9. Sasquatch , Oskar Osala 3 (T.J. Oshie) at 16:24 (PP)

Penalties :
D.J King (Gat) for Hooking (Minor) at 0:29, Matt Donovan (Gat) for Roughing (Minor) at 4:55, Derek Stepan (Gat) for Roughing (Minor) at 10:22, Joe Corvo (Gat) for Roughing (Minor) at 11:32, Derek Stepan (Gat) for Hooking (Minor) at 14:08, Mike Weber (Pro) for Holding (Minor) at 16:01

Goalie Stats

Anders Lindback (Gat), 12 saves from 14 shots - (0,857), 14:50 minutes
Jake Allen (Gat), 12 saves from 16 shots - (0,750), L, 0-1-0, 45:10 minutes
Robin Lehner (Pro), 39 saves from 42 shots - (0,929), W, 3-0-1, 60:00 minutes

Players Stats for Sasquatch

Player Name              G  A  P  +/- PIM S  H  SB GA TA FO     MP     PP MP  PK MP  
------------------------------------------------------------------------------------
Brandon Bochenski        0  0  0  -1  0   4  1  0  0  0  1/1     9:31   0:06   0:00 
Cam Atkinson             0  0  0   0  0   2  0  0  0  0  0/0    10:33   0:00   2:03 
D.J King                 2  0  2  -1  2   6  2  0  2  1  1/3    23:55   3:16   4:49 
Derek Stepan             0  1  1  -1  4   5  2  0  0  0  22/39  18:52   3:22   0:00 
Jake Gardiner            0  1  1   0  0   1  3  3  0  1  0/0    28:41   3:43   6:14 
Jakub Voracek            0  1  1  -1  0   4  1  0  0  1  2/2    19:00   3:22   0:00 
Joe Corvo                0  0  0  -2  2   4  1  0  1  0  0/0    21:46   3:43   5:05 
Keith Yandle             0  0  0  -1  2   2  2  3  0  0  0/0    23:36   0:45   3:17 
Kyle Clifford            0  0  0  -1  2   0  0  0  0  0  0/0    11:17   0:00   1:39 
Matt Beleskey            0  0  0   0  0   1  2  0  1  0  0/0     9:11   0:00   1:00 
Matt Donovan             0  0  0   0  2   2  0  3  0  0  0/0    14:32   0:00   1:29 
Matt Niskanen            0  0  0  -1  0   4  1  1  0  1  0/0    21:56   0:45   4:28 
Oskar Osala              1  0  1  -1  0   3  4  1  1  0  0/0    14:50   1:06   2:16 
Ryan O'Reilly            0  0  0  -1  0   1  1  0  0  0  2/2    12:35   0:00   2:53 
Stephane Da Costa        0  0  0   0  0   1  0  0  0  0  2/3     8:28   0:00   0:00 
T.J. Oshie               0  1  1  -1  0   1  2  0  0  1  0/1    12:30   1:06   0:00 
Tyler Johnson            0  0  0  -1  0   0  3  1  0  1  8/17   18:28   1:06   5:54 
Yann Sauvé               0  0  0  -2  0   1  1  0  0  0  0/0     9:49   0:00   0:01 

Players Stats for Punishers

Player Name              G  A  P  +/- PIM S  H  SB GA TA FO     MP     PP MP  PK MP  
------------------------------------------------------------------------------------
Adam McQuaid             0  0  0   1  0   0  1  1  0  1  0/0    21:58   4:34   1:07 
Adam Pineault            0  0  0   0  0   2  0  0  2  0  1/2    12:48   0:21   0:00 
Brandon McMillan         0  0  0   0  0   0  1  0  0  0  5/13   13:25   0:00   1:37 
Casey Cizikas            0  1  1   0  0   0  1  1  0  0  6/12   17:30   4:23   0:35 
Éric Perrin              2  2  4   3  2   7  1  0  0  1  18/38  25:45   5:44   1:37 
Erik Condra              0  0  0   0  0   2  2  0  0  0  0/0     6:43   0:10   0:00 
Jean-François Jacques    0  0  0   0  0   2  3  0  0  0  0/0    12:44   0:00   0:26 
Justin Falk              0  2  2   2  0   0  3  5  0  1  0/0    27:22   5:05   3:21 
Lance Bouma              0  0  0   0  0   0  0  0  0  0  0/0     6:12   0:00   0:00 
Mike Blunden             0  0  0   0  0   0  0  0  0  0  0/0     0:28   0:10   0:00 
Mike Grier               1  0  1   0  0   5  1  0  1  0  0/1    17:41   4:23   0:52 
Mike Weber               0  0  0   1  2   1  2  1  0  0  0/0    20:50   4:33   0:50 
Radek Smolenak           0  0  0   0  0   1  2  0  0  0  0/0    16:57   4:23   0:00 
Richard Zednik           1  2  3   3  2   1  2  0  1  0  0/2    23:35   5:33   2:57 
Simon Despres            0  0  0   1  0   1  1  1  0  0  0/0    12:04   0:00   1:10 
Tanner Glass             2  2  4   2  0   6  2  1  1  1  0/0    21:28   5:44   0:52 
Tom Gilbert              0  1  1   2  2   2  1  1  1  1  0/0    26:07   5:40   2:11 
Zach Jones               0  0  0   0  0   0  0  0  0  0  0/0    11:45   0:41   0:17 

3 Stars

1 - Tanner Glass (Pro)
2 - Éric Perrin (Pro)
3 - Richard Zednik (Pro)

Power Play

Sasquatch - 2 on 4 Attempt(s) - 50,00%
Punishers - 2 on 7 Attempt(s) - 28,57%

Penalty Kill

Sasquatch - 5 on 7 Attempt(s) - 71,43% - Score 0 goal in Penalty Kill
Punishers - 2 on 4 Attempt(s) - 50,00% - Score 0 goal in Penalty Kill

Official

Referees : Dwyer Gord and Kowal Tom
Linesman : Brad Lazarowich and David Brisebois

Game Notes

Anders Lindback enters game at 5:10 of 3rd period

Sasquatch

5 vs 5 Forward 
   Center                   Left Wing                Right Wing               Time % Phy DF OF 
 1 Derek Stepan             D.J King                 Jakub Voracek            40     1   2  2  
 2 Tyler Johnson            Oskar Osala              T.J. Oshie               30     1   2  2  
 3 Ryan O'Reilly            Kyle Clifford            Brandon Bochenski        20     1   2  2  
 4 Stephane Da Costa        Matt Beleskey            Cam Atkinson             10     1   2  2  

5 vs 5 Defense 
   Defense                  Defense                                           Time % Phy DF OF 
 1 Keith Yandle             Jake Gardiner                                     40     1   2  2  
 2 Matt Donovan             Matt Niskanen                                     30     1   2  2  
 3 Yann Sauvé               Joe Corvo                                         20     1   2  2  
 4 Joe Corvo                Matt Niskanen                                     10     1   2  2  

PowerPlay Forward 
   Center                   Left Wing                Right Wing               Time % Phy DF OF 
 1 Derek Stepan             D.J King                 Jakub Voracek            60     1   2  2  
 2 Tyler Johnson            Oskar Osala              T.J. Oshie               40     1   2  2  

PowerPlay Defense
   Defense                  Defense                                           Time % Phy DF OF 
 1 Joe Corvo                Jake Gardiner                                     60     1   2  2  
 2 Keith Yandle             Matt Niskanen                                     40     1   2  2  

Penalty Kill 4 Players Forward 
   Center                   Wing                     Time % Phy DF OF 
 1 Tyler Johnson            D.J King                 60     1   2  2  
 2 Ryan O'Reilly            Oskar Osala              40     1   2  2  

Penalty Kill 4 Players Defense
   Defense                  Defense                  Time % Phy DF OF 
 1 Joe Corvo                Jake Gardiner            60     1   2  2  
 2 Keith Yandle             Matt Niskanen            40     1   2  2  

Penalty Kill - 3 Players Forward 
   Forward                                           Time % Phy DF OF 
 1 Tyler Johnson                                     60     1   2  2  
 2 T.J. Oshie                                        40     1   2  2  

Penalty Kill - 3 Players Defense
   Defense                  Defense                  Time % Phy DF OF 
 1 Joe Corvo                Yann Sauvé               60     1   2  2  
 2 Keith Yandle             Matt Donovan             40     1   2  2  

4 vs 4 Forward 
   Center                   Wing                     Time % Phy DF OF 
 1 Derek Stepan             Jakub Voracek            60     1   2  2  
 2 Ryan O'Reilly            T.J. Oshie               40     1   2  2  

4 vs 4 Defense
   Defense                  Defense                  Time % Phy DF OF 
 1 Joe Corvo                Jake Gardiner            60     1   2  2  
 2 Keith Yandle             Matt Niskanen            40     1   2  2  

Last Minutes Offensive
   Center                   Left Wing                Right Wing               Defense                  Defense                  
   Derek Stepan             D.J King                 Jakub Voracek            Joe Corvo                Jake Gardiner            

Last Minutes Defensive
   Center                   Left Wing                Right Wing               Defense                  Defense                  
   Tyler Johnson            D.J King                 T.J. Oshie               Joe Corvo                Jake Gardiner            

Goaltenders
Starting : Jake Allen               
Backup : Anders Lindback          

Extra Forwards
Normal : Brandon Bochenski, Stephane Da Costa, Cam Atkinson - PP : Brandon Bochenski, Stephane Da Costa - PK : Cam Atkinson
Extra Defensemen
Normal : Yann Sauvé, Joe Corvo, Matt Donovan - PP : Yann Sauvé - PK : Matt Niskanen, Matt Donovan
Penalty Shots
Cam Atkinson, Oskar Osala, T.J. Oshie, Brandon Bochenski, Jakub Voracek

Punishers

5 vs 5 Forward 
   Center                   Left Wing                Right Wing               Time % Phy DF OF 
 1 Éric Perrin              Tanner Glass             Richard Zednik           40     1   2  2  
 2 Casey Cizikas            Radek Smolenak           Mike Grier               30     1   2  2  
 3 Brandon McMillan         Jean-François Jacques    Adam Pineault            20     1   2  2  
 4 Lance Bouma              Éric Perrin              Erik Condra              10     1   2  2  

5 vs 5 Defense 
   Defense                  Defense                                           Time % Phy DF OF 
 1 Tom Gilbert              Justin Falk                                       40     1   2  2  
 2 Mike Weber               Adam McQuaid                                      30     1   2  2  
 3 Zach Jones               Simon Despres                                     20     1   2  2  
 4 Tom Gilbert              Justin Falk                                       10     1   2  2  

PowerPlay Forward 
   Center                   Left Wing                Right Wing               Time % Phy DF OF 
 1 Éric Perrin              Tanner Glass             Richard Zednik           60     1   2  2  
 2 Casey Cizikas            Radek Smolenak           Mike Grier               40     1   2  2  

PowerPlay Defense
   Defense                  Defense                                           Time % Phy DF OF 
 1 Tom Gilbert              Justin Falk                                       60     1   2  2  
 2 Mike Weber               Adam McQuaid                                      40     1   2  2  

Penalty Kill 4 Players Forward 
   Center                   Wing                     Time % Phy DF OF 
 1 Éric Perrin              Richard Zednik           60     1   2  2  
 2 Tanner Glass             Mike Grier               40     1   2  2  

Penalty Kill 4 Players Defense
   Defense                  Defense                  Time % Phy DF OF 
 1 Tom Gilbert              Justin Falk              60     1   2  2  
 2 Mike Weber               Adam McQuaid             40     1   2  2  

Penalty Kill - 3 Players Forward 
   Forward                                           Time % Phy DF OF 
 1 Éric Perrin                                       60     1   2  2  
 2 Richard Zednik                                    40     1   2  2  

Penalty Kill - 3 Players Defense
   Defense                  Defense                  Time % Phy DF OF 
 1 Tom Gilbert              Justin Falk              60     1   2  2  
 2 Mike Weber               Adam McQuaid             40     1   2  2  

4 vs 4 Forward 
   Center                   Wing                     Time % Phy DF OF 
 1 Éric Perrin              Richard Zednik           60     1   2  2  
 2 Tanner Glass             Mike Grier               40     1   2  2  

4 vs 4 Defense
   Defense                  Defense                  Time % Phy DF OF 
 1 Tom Gilbert              Justin Falk              60     1   2  2  
 2 Mike Weber               Adam McQuaid             40     1   2  2  

Last Minutes Offensive
   Center                   Left Wing                Right Wing               Defense                  Defense                  
   Éric Perrin              Tanner Glass             Richard Zednik           Tom Gilbert              Justin Falk              

Last Minutes Defensive
   Center                   Left Wing                Right Wing               Defense                  Defense                  
   Éric Perrin              Tanner Glass             Richard Zednik           Tom Gilbert              Justin Falk              

Goaltenders
Starting : Robin Lehner             
Backup : Kevin Poulin             

Extra Forwards
Normal : Adam Pineault, Erik Condra, Brandon McMillan - PP : Adam Pineault, Erik Condra - PK : Brandon McMillan
Extra Defensemen
Normal : Zach Jones, Simon Despres, Mike Weber - PP : Zach Jones - PK : Simon Despres, Mike Weber
Penalty Shots
Éric Perrin, Richard Zednik, Tanner Glass, Mike Grier, Adam Pineault

% Time on Ice - Sasquatch

Lines # - Real PCT - Wanted PCT - Time Play
Normal Forward
1 - 36% - 40% - 16:27
2 - 25% - 30% - 11:28
3 - 20% - 20% - 9:03
4 - 18% - 10% - 8:11
Normal Defense
1 - 41% - 40% - 18:30
2 - 32% - 30% - 14:18
3 - 22% - 20% - 9:44
4 - 6% - 10% - 2:37
PP Forward
1 - 75% - 60% - 3:22
2 - 25% - 40% - 1:06
PP Defense
1 - 83% - 60% - 3:43
2 - 17% - 40% - 0:45
PK Forward
1 - 78% - 60% - 8:01
2 - 22% - 40% - 2:16
PK Defense
1 - 61% - 60% - 6:15
2 - 39% - 40% - 4:02
PK3 Forward
1 - 0% - 60%
2 - 0% - 40%
PK3 Defense
1 - 0% - 60%
2 - 0% - 40%
44 Forward
1 - 100% - 60% - 0:06
2 - 0% - 40% - 0:00
44 Defense
1 - 100% - 60% - 0:06
2 - 0% - 40% - 0:00
Last Minute Offensive  - 0:00
Last Minute Defensive  - 0:00
Total
Forward - 60:00
Defense - 60:00

% Time on Ice - Punishers

Lines # - Real PCT - Wanted PCT - Time Play
Normal Forward
1 - 34% - 40% - 15:18
2 - 28% - 30% - 12:26
3 - 25% - 20% - 11:13
4 - 14% - 10% - 6:12
Normal Defense
1 - 40% - 40% - 17:56
2 - 34% - 30% - 15:27
3 - 24% - 20% - 10:46
4 - 2% - 10% - 1:00
PP Forward
1 - 57% - 60% - 5:54
2 - 43% - 40% - 4:23
PP Defense
1 - 56% - 60% - 5:43
2 - 44% - 40% - 4:34
PK Forward
1 - 81% - 60% - 3:36
2 - 19% - 40% - 0:52
PK Defense
1 - 75% - 60% - 3:21
2 - 25% - 40% - 1:07
PK3 Forward
1 - 0% - 60%
2 - 0% - 40%
PK3 Defense
1 - 0% - 60%
2 - 0% - 40%
44 Forward
1 - 100% - 60% - 0:06
2 - 0% - 40% - 0:00
44 Defense
1 - 0% - 60% - 0:00
2 - 100% - 40% - 0:06
Last Minute Offensive  - 0:00
Last Minute Defensive  - 0:00
Total
Forward - 60:00
Defense - 60:00

Play by Play

1st period


0:01 of 1st period - Éric Perrin wins face-off versus Derek Stepan in neutral zone.
0:10 of 1st period - Snap shot by Jakub Voracek.
0:10 of 1st period - Shot Blocked by Justin Falk.
0:12 of 1st period - Wrist shot by D.J King.
0:12 of 1st period - Stopped by Robin Lehner with a rebound.
0:14 of 1st period - Slapshot by Jake Gardiner.
0:14 of 1st period - Shot Blocked by Tanner Glass.
0:16 of 1st period - Slapshot by Jake Gardiner.
0:16 of 1st period - Shot Blocked by Justin Falk.
0:26 of 1st period - Keith Yandle is hit by Justin Falk and loses puck.
0:51 of 1st period - Slapshot by Brandon Bochenski.
0:51 of 1st period - Stopped by Robin Lehner with a rebound.
1:14 of 1st period - Slapshot by Matt Niskanen.
1:14 of 1st period - Stopped by Robin Lehner with a rebound.
1:16 of 1st period - Slapshot by Matt Donovan.
1:16 of 1st period - Shot Misses the Net.
1:18 of 1st period - Snap shot by Matt Donovan.
1:18 of 1st period - Stopped by Robin Lehner with a rebound.
1:30 of 1st period - Slapshot by Derek Stepan.
1:30 of 1st period - Stopped by Robin Lehner without a rebound.
1:31 of 1st period - D.J King wins face-off versus Casey Cizikas in Punishers zone.
1:34 of 1st period - Snap shot by Derek Stepan.
1:34 of 1st period - Stopped by Robin Lehner with a rebound.
1:36 of 1st period - Snap shot by Yann Sauvé.
1:36 of 1st period - Stopped by Robin Lehner without a rebound.
1:37 of 1st period - Éric Perrin wins face-off versus Tyler Johnson in Punishers zone.
1:37 of 1st period - Éric Perrin is hit by Oskar Osala.
2:09 of 1st period - Joe Corvo is hit by Mike Grier and loses puck.
2:44 of 1st period - Slapshot by Joe Corvo.
2:44 of 1st period - Stopped by Robin Lehner with a rebound.
2:48 of 1st period - Snap shot by Stephane Da Costa.
2:48 of 1st period - Stopped by Robin Lehner without a rebound.
2:49 of 1st period - Derek Stepan wins face-off versus Éric Perrin in Punishers zone.
2:56 of 1st period - Slapshot by Jakub Voracek.
2:56 of 1st period - Stopped by Robin Lehner with a rebound.
3:00 of 1st period - Wrist shot by Jakub Voracek.
3:00 of 1st period - Shot Blocked by Mike Weber.
3:02 of 1st period - Slapshot by Keith Yandle.
3:02 of 1st period - Deflect By Tanner Glass.
3:02 of 1st period - Stopped by Robin Lehner with a rebound.
3:16 of 1st period - Adam McQuaid is hit by Jake Gardiner and loses puck.
3:35 of 1st period - Snap shot by Oskar Osala.
3:35 of 1st period - Stopped by Robin Lehner without a rebound.
3:36 of 1st period - Ryan O'Reilly wins face-off versus Brandon McMillan in Punishers zone.
3:45 of 1st period - Wrist shot by Brandon Bochenski.
3:45 of 1st period - Stopped by Robin Lehner with a rebound.
3:47 of 1st period - Slapshot by Matt Donovan.
3:47 of 1st period - Deflect By Brandon Bochenski.
3:47 of 1st period - Stopped by Robin Lehner with a rebound.
3:49 of 1st period - Wrist shot by Brandon Bochenski.
3:49 of 1st period - Shot Blocked by Tom Gilbert.
4:06 of 1st period - Slapshot by Joe Corvo.
4:06 of 1st period - Stopped by Robin Lehner with a rebound.
4:12 of 1st period - Slapshot by Tom Gilbert.
4:12 of 1st period - Deflect By Jean-François Jacques.
4:12 of 1st period - Stopped by Jake Allen without a rebound.
4:13 of 1st period - Éric Perrin wins face-off versus Derek Stepan in Sasquatch zone.
4:14 of 1st period - Slapshot by Richard Zednik.
4:14 of 1st period - Shot Misses the Net.
4:16 of 1st period - Wrist shot by Zach Jones.
4:16 of 1st period - Shot Blocked by Matt Donovan.
4:18 of 1st period - Slapshot by Éric Perrin.
4:18 of 1st period - Stopped by Jake Allen without a rebound.
4:19 of 1st period - Éric Perrin wins face-off versus Derek Stepan in Sasquatch zone.
4:34 of 1st period - Zach Jones is hit by Matt Niskanen and loses puck.
4:45 of 1st period - Snap shot by Éric Perrin.
4:45 of 1st period - Stopped by Jake Allen without a rebound.
4:46 of 1st period - Casey Cizikas wins face-off versus Tyler Johnson in Sasquatch zone.
5:18 of 1st period - Slapshot by Matt Niskanen.
5:18 of 1st period - Shot Blocked by Justin Falk.
5:32 of 1st period - Wrist shot by Brandon Bochenski.
5:32 of 1st period - Stopped by Robin Lehner with a rebound.
5:34 of 1st period - Wrist shot by Ryan O'Reilly.
5:34 of 1st period - Stopped by Robin Lehner with a rebound.
5:36 of 1st period - Wrist shot by Kyle Clifford.
5:36 of 1st period - Shot Misses the Net.
6:26 of 1st period - Slapshot by Joe Corvo.
6:26 of 1st period - Shot Blocked by Adam McQuaid.
6:28 of 1st period - Backhand shot by Joe Corvo.
6:28 of 1st period - Shot Misses the Net.
6:30 of 1st period - Slapshot by Matt Beleskey.
6:30 of 1st period - Stopped by Robin Lehner with a rebound.
6:32 of 1st period - Wrist shot by Matt Niskanen.
6:32 of 1st period - Stopped by Robin Lehner with a rebound.
7:14 of 1st period - Snap shot by Jakub Voracek.
7:14 of 1st period - Shot Misses the Net.
7:17 of 1st period - Icing by Simon Despres.
7:18 of 1st period - Brandon McMillan wins face-off versus Tyler Johnson in Punishers zone.
7:31 of 1st period - Snap shot by T.J. Oshie.
7:31 of 1st period - Stopped by Robin Lehner with a rebound.
11:02 of 1st period - Justin Falk is hit by Yann Sauvé and loses puck.
11:28 of 1st period - Justin Falk is hit by T.J. Oshie and loses puck.
12:09 of 1st period - Jake Gardiner is hit by Tanner Glass and loses puck.
12:34 of 1st period - Zach Jones is hit by Keith Yandle and loses puck.
13:34 of 1st period - Matt Niskanen is hit by Tom Gilbert and loses puck.
14:05 of 1st period - Snap shot by Casey Cizikas.
14:05 of 1st period - Shot Misses the Net.
14:18 of 1st period - Off-side.
14:19 of 1st period - Tyler Johnson wins face-off versus Éric Perrin in neutral zone.
15:34 of 1st period - Justin Falk is hit by Keith Yandle and loses puck.
15:45 of 1st period - Joe Corvo is hit by Brandon McMillan and loses puck.
17:13 of 1st period - D.J King is hit by Erik Condra and loses puck.
17:30 of 1st period - Matt Niskanen is hit by Casey Cizikas and loses puck.
18:13 of 1st period - Snap shot by Brandon Bochenski.
18:13 of 1st period - Deflect By Kyle Clifford.
18:13 of 1st period - Shot Blocked by Casey Cizikas.
18:13 of 1st period - Puck is out of play.
18:14 of 1st period - Derek Stepan wins face-off versus Casey Cizikas in Punishers zone.
18:15 of 1st period - Wrist shot by D.J King.
18:15 of 1st period - Goal by D.J King - Sasquatch : 1 - Punishers : 0.
18:16 of 1st period - Derek Stepan wins face-off versus Éric Perrin in neutral zone.
18:26 of 1st period - Snap shot by Jakub Voracek.
18:26 of 1st period - Stopped by Robin Lehner without a rebound.
18:27 of 1st period - Derek Stepan wins face-off versus Richard Zednik in Punishers zone.
18:40 of 1st period - Snap shot by Derek Stepan.
18:40 of 1st period - Stopped by Robin Lehner without a rebound.
18:41 of 1st period - Éric Perrin wins face-off versus Derek Stepan in Punishers zone.
18:43 of 1st period - Minor Penalty to Éric Perrin for Slashing.
18:44 of 1st period - Derek Stepan wins face-off versus Brandon McMillan in Punishers zone.
19:10 of 1st period - Justin Falk is hit by Joe Corvo and loses puck.
Goals for this period are 1 for Sasquatch vs 0 for Punishers.
Shots for this period are 23 for Sasquatch vs 3 for Punishers.

2nd period


0:01 of 2nd period - Brandon McMillan wins face-off versus Derek Stepan in neutral zone.
0:06 of 2nd period - Slapshot by Tom Gilbert.
0:06 of 2nd period - Stopped by Jake Allen with a rebound.
0:15 of 2nd period - Off-side.
0:16 of 2nd period - Derek Stepan wins face-off versus Brandon McMillan in neutral zone.
0:43 of 2nd period - Penalty to Éric Perrin is over, Éric Perrin is back on ice.
0:54 of 2nd period - Snap shot by Matt Niskanen.
0:54 of 2nd period - Stopped by Robin Lehner with a rebound.
0:56 of 2nd period - Snap shot by Kyle Clifford.
0:56 of 2nd period - Shot Misses the Net.
0:58 of 2nd period - Slapshot by Matt Niskanen.
0:58 of 2nd period - Stopped by Robin Lehner without a rebound.
0:59 of 2nd period - Derek Stepan wins face-off versus Casey Cizikas in Punishers zone.
1:24 of 2nd period - Mike Grier is hit by Brandon Bochenski and loses puck.
4:24 of 2nd period - Wrist shot by Keith Yandle.
4:24 of 2nd period - Shot Misses the Net.
4:50 of 2nd period - Snap shot by Jakub Voracek.
4:50 of 2nd period - Deflect By D.J King.
4:50 of 2nd period - Shot Misses the Net.
4:50 of 2nd period - Puck is out of play.
4:51 of 2nd period - Brandon McMillan wins face-off versus Derek Stepan in Punishers zone.
4:58 of 2nd period - D.J King is hit by Jean-François Jacques and loses puck.
6:20 of 2nd period - Minor Penalty to Kyle Clifford for Tripping.
6:21 of 2nd period - Éric Perrin wins face-off versus Tyler Johnson in Sasquatch zone.
7:35 of 2nd period - Radek Smolenak is hit by Ryan O'Reilly and loses puck.
8:20 of 2nd period - Penalty to Kyle Clifford is over, Kyle Clifford is back on ice.
8:31 of 2nd period - Stephane Da Costa is hit by Justin Falk and loses puck.
8:38 of 2nd period - Jean-François Jacques is hit by Matt Beleskey and loses puck.
8:51 of 2nd period - Snap shot by Erik Condra.
8:51 of 2nd period - Shot Misses the Net.
9:05 of 2nd period - Adam McQuaid is hit by Derek Stepan and loses puck.
9:49 of 2nd period - Icing by D.J King.
9:50 of 2nd period - Stephane Da Costa wins face-off versus Brandon McMillan in Sasquatch zone.
10:13 of 2nd period - Tanner Glass is hit by Tyler Johnson and loses puck.
10:31 of 2nd period - Snap shot by Tanner Glass.
10:31 of 2nd period - Shot Misses the Net.
10:33 of 2nd period - Slapshot by Tanner Glass.
10:33 of 2nd period - Shot Misses the Net.
10:35 of 2nd period - Snap shot by Tom Gilbert.
10:35 of 2nd period - Shot Misses the Net.
10:37 of 2nd period - Snap shot by Richard Zednik.
10:37 of 2nd period - Shot Misses the Net.
10:39 of 2nd period - Snap shot by Tom Gilbert.
10:39 of 2nd period - Shot Blocked by Keith Yandle.
10:41 of 2nd period - Wrist shot by Tanner Glass.
10:41 of 2nd period - Stopped by Jake Allen without a rebound.
10:42 of 2nd period - Derek Stepan wins face-off versus Mike Grier in Sasquatch zone.
10:56 of 2nd period - Wrist shot by Jakub Voracek.
10:56 of 2nd period - Shot Misses the Net.
11:16 of 2nd period - Snap shot by T.J. Oshie.
11:16 of 2nd period - Shot Misses the Net.
11:28 of 2nd period - Wrist shot by Brandon Bochenski.
11:28 of 2nd period - Shot Blocked by Simon Despres.
11:46 of 2nd period - Snap shot by Cam Atkinson.
11:46 of 2nd period - Stopped by Robin Lehner with a rebound.
11:48 of 2nd period - Snap shot by Cam Atkinson.
11:48 of 2nd period - Stopped by Robin Lehner without a rebound.
11:49 of 2nd period - Derek Stepan wins face-off versus Brandon McMillan in Punishers zone.
11:52 of 2nd period - Slapshot by D.J King.
11:52 of 2nd period - Stopped by Robin Lehner without a rebound.
11:53 of 2nd period - Derek Stepan wins face-off versus Brandon McMillan in Punishers zone.
11:54 of 2nd period - Wrist shot by Jakub Voracek.
11:54 of 2nd period - Stopped by Robin Lehner without a rebound.
11:55 of 2nd period - Brandon McMillan wins face-off versus Derek Stepan in Punishers zone.
12:00 of 2nd period - Wrist shot by Adam Pineault.
12:00 of 2nd period - Shot Blocked by Matt Niskanen.
12:05 of 2nd period - Off-side.
12:06 of 2nd period - Éric Perrin wins face-off versus Derek Stepan in neutral zone.
12:31 of 2nd period - Tyler Johnson is hit by Radek Smolenak and loses puck.
12:45 of 2nd period - Minor Penalty to Keith Yandle for High sticking.
12:46 of 2nd period - Éric Perrin wins face-off versus Tyler Johnson in Sasquatch zone.
12:56 of 2nd period - Joe Corvo is hit by Éric Perrin and loses puck.
13:19 of 2nd period - Snap shot by Mike Grier.
13:19 of 2nd period - Shot Misses the Net.
13:21 of 2nd period - Slapshot by Mike Weber.
13:21 of 2nd period - Shot Blocked by Jake Gardiner.
13:23 of 2nd period - Backhand shot by Radek Smolenak.
13:23 of 2nd period - Stopped by Jake Allen with a rebound.
13:25 of 2nd period - Snap shot by Mike Weber.
13:25 of 2nd period - Stopped by Jake Allen without a rebound.
13:26 of 2nd period - Tyler Johnson wins face-off versus Éric Perrin in Sasquatch zone.
13:53 of 2nd period - Wrist shot by Radek Smolenak.
13:53 of 2nd period - Shot Blocked by Matt Donovan.
14:45 of 2nd period - Penalty to Keith Yandle is over, Keith Yandle is back on ice.
14:55 of 2nd period - Backhand shot by Jean-François Jacques.
14:55 of 2nd period - Shot Misses the Net.
14:57 of 2nd period - Slapshot by Zach Jones.
14:57 of 2nd period - Shot Misses the Net.
14:59 of 2nd period - Wrist shot by Adam Pineault.
14:59 of 2nd period - Shot Misses the Net.
15:03 of 2nd period - Wrist shot by Adam Pineault.
15:03 of 2nd period - Stopped by Jake Allen without a rebound.
15:04 of 2nd period - Ryan O'Reilly wins face-off versus Adam Pineault in Sasquatch zone.
15:04 of 2nd period - Ryan O'Reilly is hit by Mike Weber.
15:54 of 2nd period - Snap shot by Mike Grier.
15:54 of 2nd period - Deflect By Casey Cizikas.
15:54 of 2nd period - Shot Misses the Net.
15:54 of 2nd period - Puck is out of play.
15:55 of 2nd period - Casey Cizikas wins face-off versus Derek Stepan in Sasquatch zone.
15:58 of 2nd period - Wrist shot by Mike Grier.
15:58 of 2nd period - Shot Misses the Net.
16:00 of 2nd period - Slapshot by Mike Grier.
16:00 of 2nd period - Shot Misses the Net.
16:02 of 2nd period - Slapshot by Tom Gilbert.
16:02 of 2nd period - Shot Misses the Net.
16:04 of 2nd period - Backhand shot by Mike Grier.
16:04 of 2nd period - Stopped by Jake Allen without a rebound.
16:05 of 2nd period - Derek Stepan wins face-off versus Casey Cizikas in Sasquatch zone.
16:10 of 2nd period - Slapshot by Mike Grier.
16:10 of 2nd period - Goal by Mike Grier - Sasquatch : 1 - Punishers : 1.
16:11 of 2nd period - Derek Stepan wins face-off versus Éric Perrin in neutral zone.
16:21 of 2nd period - Minor Penalty to Richard Zednik for Slashing.
16:22 of 2nd period - Jakub Voracek wins face-off versus Éric Perrin in Punishers zone.
16:24 of 2nd period - Snap shot by Jakub Voracek.
16:24 of 2nd period - Shot Blocked by Justin Falk.
16:26 of 2nd period - Wrist shot by D.J King.
16:26 of 2nd period - Stopped by Robin Lehner with a rebound.
16:32 of 2nd period - Slapshot by Jakub Voracek.
16:32 of 2nd period - Shot Hit the Post.
16:34 of 2nd period - Slapshot by Jake Gardiner.
16:34 of 2nd period - Deflect By D.J King.
16:34 of 2nd period - Goal by D.J King - Sasquatch : 2 - Punishers : 1.
16:35 of 2nd period - Éric Perrin wins face-off versus Derek Stepan in neutral zone.
16:42 of 2nd period - Snap shot by Tanner Glass.
16:42 of 2nd period - Shot Blocked by Keith Yandle.
16:44 of 2nd period - Snap shot by Richard Zednik.
16:44 of 2nd period - Shot Misses the Net.
16:46 of 2nd period - Backhand shot by Éric Perrin.
16:46 of 2nd period - Shot Misses the Net.
16:48 of 2nd period - Wrist shot by Justin Falk.
16:48 of 2nd period - Shot Blocked by Jake Gardiner.
16:50 of 2nd period - Wrist shot by Éric Perrin.
16:50 of 2nd period - Stopped by Jake Allen without a rebound.
16:51 of 2nd period - Casey Cizikas wins face-off versus Tyler Johnson in Sasquatch zone.
17:06 of 2nd period - Tom Gilbert is hit by Oskar Osala and loses puck.
17:23 of 2nd period - Minor Penalty to Tom Gilbert for Hooking.
17:24 of 2nd period - Derek Stepan wins face-off versus Éric Perrin in Punishers zone.
17:26 of 2nd period - Slapshot by Jakub Voracek.
17:26 of 2nd period - Shot Misses the Net.
17:28 of 2nd period - Backhand shot by Joe Corvo.
17:28 of 2nd period - Stopped by Robin Lehner with a rebound.
17:30 of 2nd period - Slapshot by Joe Corvo.
17:30 of 2nd period - Stopped by Robin Lehner without a rebound.
17:31 of 2nd period - Éric Perrin wins face-off versus D.J King in Punishers zone.
17:37 of 2nd period - Icing by Joe Corvo.
17:38 of 2nd period - Derek Stepan wins face-off versus Éric Perrin in Sasquatch zone.
17:38 of 2nd period - Derek Stepan is hit by Simon Despres.
18:01 of 2nd period - Wrist shot by D.J King.
18:01 of 2nd period - Stopped by Robin Lehner with a rebound.
18:31 of 2nd period - Tanner Glass is hit by Derek Stepan and loses puck.
18:46 of 2nd period - Slapshot by Jakub Voracek.
18:46 of 2nd period - Shot Hit the Post.
19:23 of 2nd period - Penalty to Tom Gilbert is over, Tom Gilbert is back on ice.
19:28 of 2nd period - Wrist shot by Éric Perrin.
19:28 of 2nd period - Shot Misses the Net.
19:30 of 2nd period - Wrist shot by Richard Zednik.
19:30 of 2nd period - Goal by Richard Zednik - Sasquatch : 2 - Punishers : 2.
19:31 of 2nd period - Tyler Johnson wins face-off versus Brandon McMillan in neutral zone.
19:44 of 2nd period - Slapshot by Adam Pineault.
19:44 of 2nd period - Stopped by Jake Allen without a rebound.
19:45 of 2nd period - Tyler Johnson wins face-off versus Éric Perrin in Sasquatch zone.
Goals for this period are 1 for Sasquatch vs 2 for Punishers.
Shots for this period are 11 for Sasquatch vs 10 for Punishers.

3rd period


0:01 of 3rd period - Derek Stepan wins face-off versus Éric Perrin in neutral zone.
0:09 of 3rd period - Wrist shot by Tanner Glass.
0:09 of 3rd period - Stopped by Jake Allen with a rebound.
0:11 of 3rd period - Snap shot by Éric Perrin.
0:11 of 3rd period - Goal by Éric Perrin - Sasquatch : 2 - Punishers : 3.
0:12 of 3rd period - Derek Stepan wins face-off versus Éric Perrin in neutral zone.
0:27 of 3rd period - Snap shot by Éric Perrin.
0:27 of 3rd period - Shot Misses the Net.
0:29 of 3rd period - Minor Penalty to D.J King for Hooking.
0:30 of 3rd period - Tyler Johnson wins face-off versus Éric Perrin in Sasquatch zone.
0:30 of 3rd period - Tyler Johnson is hit by Richard Zednik.
0:55 of 3rd period - Justin Falk is hit by Jake Gardiner and loses puck.
1:02 of 3rd period - Slapshot by Adam McQuaid.
1:02 of 3rd period - Shot Blocked by Tyler Johnson.
1:22 of 3rd period - Keith Yandle is hit by Adam McQuaid and loses puck.
1:59 of 3rd period - Tom Gilbert is hit by Jake Gardiner.
2:15 of 3rd period - Jake Gardiner is hit by Mike Weber and loses puck.
2:29 of 3rd period - Penalty to D.J King is over, D.J King is back on ice.
2:32 of 3rd period - Matt Niskanen is hit by Jean-François Jacques and loses puck.
2:59 of 3rd period - Ryan O'Reilly is hit by Jean-François Jacques.
3:26 of 3rd period - Éric Perrin is hit by Matt Beleskey and loses puck.
4:36 of 3rd period - Icing by T.J. Oshie.
4:37 of 3rd period - Éric Perrin wins face-off versus Tyler Johnson in Sasquatch zone.
4:55 of 3rd period - Minor Penalty to Matt Donovan for Roughing.
4:56 of 3rd period - Éric Perrin wins face-off versus Tyler Johnson in Sasquatch zone.
5:06 of 3rd period - Snap shot by Éric Perrin.
5:06 of 3rd period - Shot Misses the Net.
5:08 of 3rd period - Snap shot by Justin Falk.
5:08 of 3rd period - Shot Misses the Net.
5:10 of 3rd period - Slapshot by Justin Falk.
5:10 of 3rd period - Deflect By Éric Perrin.
5:10 of 3rd period - Goal by Éric Perrin - Sasquatch : 2 - Punishers : 4.
5:10 of 3rd period - Anders Lindback enters game.
5:11 of 3rd period - Jakub Voracek wins face-off versus Éric Perrin in neutral zone.
5:24 of 3rd period - Wrist shot by Tanner Glass.
5:24 of 3rd period - Stopped by Anders Lindback with a rebound.
5:36 of 3rd period - Casey Cizikas is hit by Tyler Johnson and loses puck.
5:43 of 3rd period - Slapshot by Tyler Johnson.
5:43 of 3rd period - Deflect By Oskar Osala.
5:43 of 3rd period - Stopped by Robin Lehner with a rebound.
6:30 of 3rd period - Snap shot by Tanner Glass.
6:30 of 3rd period - Stopped by Anders Lindback with a rebound.
6:32 of 3rd period - Slapshot by Simon Despres.
6:32 of 3rd period - Stopped by Anders Lindback with a rebound.
6:49 of 3rd period - Snap shot by Keith Yandle.
6:49 of 3rd period - Stopped by Robin Lehner with a rebound.
6:51 of 3rd period - Slapshot by Jake Gardiner.
6:51 of 3rd period - Stopped by Robin Lehner with a rebound.
6:53 of 3rd period - Snap shot by D.J King.
6:53 of 3rd period - Deflect By Derek Stepan.
6:53 of 3rd period - Stopped by Robin Lehner without a rebound.
6:54 of 3rd period - Derek Stepan wins face-off versus Casey Cizikas in Punishers zone.
7:51 of 3rd period - Snap shot by Tanner Glass.
7:51 of 3rd period - Goal by Tanner Glass - Sasquatch : 2 - Punishers : 5.
7:52 of 3rd period - Éric Perrin wins face-off versus Derek Stepan in neutral zone.
8:03 of 3rd period - Slapshot by Tom Gilbert.
8:03 of 3rd period - Deflect By Keith Yandle.
8:03 of 3rd period - Stopped by Anders Lindback with a rebound.
8:05 of 3rd period - Slapshot by Justin Falk.
8:05 of 3rd period - Deflect By Tanner Glass.
8:05 of 3rd period - Shot Misses the Net.
8:05 of 3rd period - Puck is out of play.
8:06 of 3rd period - Derek Stepan wins face-off versus Éric Perrin in Sasquatch zone.
8:06 of 3rd period - Derek Stepan is hit by Justin Falk.
8:12 of 3rd period - Tom Gilbert is hit by Jakub Voracek and loses puck.
8:19 of 3rd period - Wrist shot by Justin Falk.
8:19 of 3rd period - Shot Blocked by Keith Yandle.
8:21 of 3rd period - Snap shot by Tanner Glass.
8:21 of 3rd period - Shot Misses the Net.
8:31 of 3rd period - Oskar Osala is hit by Radek Smolenak and loses puck.
9:10 of 3rd period - Icing by Tanner Glass.
9:11 of 3rd period - Stephane Da Costa wins face-off versus Éric Perrin in Punishers zone.
9:26 of 3rd period - Snap shot by Cam Atkinson.
9:26 of 3rd period - Shot Misses the Net.
9:55 of 3rd period - Wrist shot by Tanner Glass.
9:55 of 3rd period - Shot Misses the Net.
9:57 of 3rd period - Snap shot by Tanner Glass.
9:57 of 3rd period - Shot Blocked by Matt Donovan.
9:59 of 3rd period - Slapshot by Mike Weber.
9:59 of 3rd period - Shot Misses the Net.
10:01 of 3rd period - Snap shot by Richard Zednik.
10:01 of 3rd period - Shot Misses the Net.
10:03 of 3rd period - Wrist shot by Tanner Glass.
10:03 of 3rd period - Shot Misses the Net.
10:05 of 3rd period - Snap shot by Éric Perrin.
10:05 of 3rd period - Stopped by Anders Lindback without a rebound.
10:06 of 3rd period - Casey Cizikas wins face-off versus Derek Stepan in Sasquatch zone.
10:09 of 3rd period - Slapshot by Tom Gilbert.
10:09 of 3rd period - Shot Blocked by Jake Gardiner.
10:11 of 3rd period - Slapshot by Casey Cizikas.
10:11 of 3rd period - Deflect By Mike Grier.
10:11 of 3rd period - Stopped by Anders Lindback with a rebound.
10:15 of 3rd period - Wrist shot by Mike Grier.
10:15 of 3rd period - Shot Misses the Net.
10:17 of 3rd period - Snap shot by Mike Grier.
10:17 of 3rd period - Stopped by Anders Lindback without a rebound.
10:18 of 3rd period - Casey Cizikas wins face-off versus Derek Stepan in Sasquatch zone.
10:22 of 3rd period - Minor Penalty to Derek Stepan for Roughing.
10:23 of 3rd period - Tyler Johnson wins face-off versus Éric Perrin in Sasquatch zone.
10:35 of 3rd period - Slapshot by Tanner Glass.
10:35 of 3rd period - Goal by Tanner Glass - Sasquatch : 2 - Punishers : 6.
10:36 of 3rd period - Éric Perrin wins face-off versus Derek Stepan in neutral zone.
11:10 of 3rd period - Slapshot by Mike Grier.
11:10 of 3rd period - Stopped by Anders Lindback without a rebound.
11:11 of 3rd period - Derek Stepan wins face-off versus Éric Perrin in Sasquatch zone.
11:11 of 3rd period - Derek Stepan is hit by Richard Zednik.
11:19 of 3rd period - Mike Weber is hit by D.J King and loses puck.
11:32 of 3rd period - Minor Penalty to Joe Corvo for Roughing.
11:33 of 3rd period - Éric Perrin wins face-off versus Tyler Johnson in Sasquatch zone.
12:10 of 3rd period - Justin Falk is hit by Oskar Osala and loses puck.
13:00 of 3rd period - Keith Yandle is hit by Tanner Glass and loses puck.
13:32 of 3rd period - Penalty to Joe Corvo is over, Joe Corvo is back on ice.
13:35 of 3rd period - Off-side.
13:36 of 3rd period - Adam Pineault wins face-off versus Stephane Da Costa in neutral zone.
13:49 of 3rd period - Snap shot by Erik Condra.
13:49 of 3rd period - Stopped by Anders Lindback without a rebound.
13:50 of 3rd period - Derek Stepan wins face-off versus Brandon McMillan in Sasquatch zone.
14:08 of 3rd period - Minor Penalty to Derek Stepan for Hooking.
14:09 of 3rd period - Tyler Johnson wins face-off versus Richard Zednik in Sasquatch zone.
14:19 of 3rd period - Richard Zednik is hit by D.J King and loses puck.
16:01 of 3rd period - Minor Penalty to Mike Weber for Holding.
16:02 of 3rd period - Brandon Bochenski wins face-off versus Éric Perrin in Punishers zone.
16:08 of 3rd period - Penalty to Derek Stepan is over, Derek Stepan is back on ice.
16:17 of 3rd period - Richard Zednik is hit by Tyler Johnson and loses puck.
16:24 of 3rd period - Snap shot by Oskar Osala.
16:24 of 3rd period - Goal by Oskar Osala - Sasquatch : 3 - Punishers : 6.
16:25 of 3rd period - Éric Perrin wins face-off versus D.J King in neutral zone.
16:38 of 3rd period - Wrist shot by Tanner Glass.
16:38 of 3rd period - Shot Misses the Net.
16:50 of 3rd period - Tom Gilbert is hit by T.J. Oshie and loses puck.
16:55 of 3rd period - Snap shot by Tyler Johnson.
16:55 of 3rd period - Deflect By T.J. Oshie.
16:55 of 3rd period - Shot Blocked by Justin Falk.
16:55 of 3rd period - Puck is out of play.
16:56 of 3rd period - Tyler Johnson wins face-off versus Éric Perrin in Punishers zone.
16:57 of 3rd period - Slapshot by Matt Niskanen.
16:57 of 3rd period - Shot Misses the Net.
16:59 of 3rd period - Slapshot by Matt Donovan.
16:59 of 3rd period - Stopped by Robin Lehner with a rebound.
17:07 of 3rd period - Tanner Glass is hit by Oskar Osala.
17:20 of 3rd period - Icing by Éric Perrin.
17:21 of 3rd period - Derek Stepan wins face-off versus Éric Perrin in Punishers zone.
17:32 of 3rd period - Slapshot by Derek Stepan.
17:32 of 3rd period - Stopped by Robin Lehner without a rebound.
17:33 of 3rd period - Derek Stepan wins face-off versus Casey Cizikas in Punishers zone.
17:34 of 3rd period - Snap shot by Jakub Voracek.
17:34 of 3rd period - Stopped by Robin Lehner with a rebound.
18:58 of 3rd period - Stephane Da Costa is hit by Erik Condra and loses puck.
19:05 of 3rd period - Wrist shot by Erik Condra.
19:05 of 3rd period - Stopped by Anders Lindback without a rebound.
19:06 of 3rd period - Brandon McMillan wins face-off versus Derek Stepan in Sasquatch zone.
19:17 of 3rd period - Wrist shot by Jean-François Jacques.
19:17 of 3rd period - Stopped by Anders Lindback without a rebound.
19:18 of 3rd period - Éric Perrin wins face-off versus Derek Stepan in Sasquatch zone.
19:25 of 3rd period - Wrist shot by Éric Perrin.
19:25 of 3rd period - Stopped by Anders Lindback without a rebound.
19:26 of 3rd period - Éric Perrin wins face-off versus Derek Stepan in Sasquatch zone.
19:33 of 3rd period - Slapshot by Richard Zednik.
19:33 of 3rd period - Shot Misses the Net.
19:53 of 3rd period - Slapshot by Tanner Glass.
19:53 of 3rd period - Shot Misses the Net.
19:55 of 3rd period - Slapshot by Adam McQuaid.
19:55 of 3rd period - Deflect By Casey Cizikas.
19:55 of 3rd period - Shot Blocked by Oskar Osala.
19:55 of 3rd period - Puck is out of play.
19:56 of 3rd period - Casey Cizikas wins face-off versus T.J. Oshie in Sasquatch zone.
Goals for this period are 1 for Sasquatch vs 4 for Punishers.
Shots for this period are 8 for Sasquatch vs 17 for Punishers.


Output by the SimonT Hockey Simulator (STHS) for François Prévost -- Original Page W3C XHTML 1.0 Valid
Hockey Simulator - Hockey Simulation - Hockey Manager